 Dungeon Crawl Stone Soup version 0.30-a0-168-g0b976cbdc4 (webtiles) character file.

Game seed: 9285973762369822472

168 qw the Chopper (level 5, -5/32 HPs)
             Began as a Gargoyle Fighter on Sept 29, 2022.
             Slain by a wight
             ... wielding a +1 falchion
              (7 damage)
             ... in a sewer.
             The game lasted 00:01:12 (3099 turns).

qw the Chopper (Gargoyle Fighter)                   Turns: 3099, Time: 00:01:12

Health: -5/32      AC: 13    Str: 21    XL:     5   Next: 48%
Magic:  5/5        EV:  7    Int:  9    God:
Gold:   119        SH:  5    Dex: 15    Spells: 4/4 levels left

rFire   . . .      SeeInvis .    Y - +0 war axe
rCold   + . .      Faith    .    c - +0 buckler
rNeg    + . .      Spirit   .    m - +0 chain mail
rPois   inf        Reflect  .    (no helmet)
rElec   +          Harm     .    (no cloak)
rCorr   .          Rampage  .    (no gloves)
Will    .....                    (no boots)
Stlth   ..........               (no amulet)
HPRegen 0.10/turn                a - +6 ring of dexterity
MPRegen 0.09/turn                l - ring of protection from cold

@: no status effects
A: sickness immunity, AC +4, negative energy resistance 1, electricity
resistance, torment resistance 1, petrification resistance
a: no special abilities


You were in a sewer.
You visited 1 branch of the dungeon, and saw 4 of its levels.
You also visited: Sewer.

You collected 119 gold pieces.


Innate Abilities, Weirdness & Mutations

You are immune to sickness and miasma.
Your stone body is resilient. (AC +4)
You are immune to poison.
You resist negative energy. (rN+)
You are resistant to electric shocks. (rElec)
You are resistant to unholy torment.
You are immune to petrification.


   Skills:
 - Level 3.2 Fighting
 + Level 4.8 Axes
 - Level 3.2 Armour
 - Level 1.0 Dodging
 - Level 3.2 Shields


You had 4 spell levels left.
You didn't know any spells.
Your spell library was empty.

Inventory:

Hand Weapons
 i - the +2 whip "Udodd" {vorpal, rF- rN+ rCorr Int+7}
   (You found it on level 2 of the Dungeon)

   It inflicts extra damage upon your enemies.
   Int:       It affects your intelligence (+7).
   rF:        It makes you vulnerable to fire.
   rN:        It protects you from negative energy.
   rCorr:     It protects you from acid and corrosion.
 n - a +0 whip
 Y - a +0 war axe (weapon)
Armour
 c - a +0 buckler (worn)
 m - a +0 chain mail (worn)
Jewellery
 a - a +6 ring of dexterity (left hand)
 l - a ring of protection from cold (right hand)
Scrolls
 k - a scroll of identify
Potions
 b - a potion of lignification {unknown}
 d - a potion of might
 e - 2 potions of haste
 f - a potion of curing
 h - a potion of flight {unknown}
 j - a potion of magic {unknown}

Dungeon Overview and Level Annotations

Branches:
Dungeon (4/15)              Sewer (1/1)
 Temple: D:4-7

Altars:
Elyvilon


Message History

You kill the kobold!
You closely miss the kobold.
The kobold throws a stone.
The stone hits you but does no damage. The kobold hits you but does no damage.
You closely miss the wight. You hit the necrophage.
You closely miss the kobold.
The necrophage hits you but does no damage.
You block the wight's attack.
The kobold hits you but does no damage. x2
The necrophage completely misses you. The wight hits you with a +1 falchion!
You slash the necrophage!
The necrophage is heavily damaged.
You hit the kobold. You barely miss the wight. The necrophage hits you.
You block the kobold's attack. The wight completely misses you.
You hit the necrophage.
The necrophage is heavily damaged.
You closely miss the kobold. You closely miss the wight.
You block the necrophage's attack. You block the kobold's attack.
You block the wight's attack.
You hit the necrophage.
The necrophage is severely damaged.
You hit the wight but do no damage. You barely miss the kobold.
The necrophage hits you but does no damage.
The wight misses you.
The kobold hits you but does no damage. x2
The wight hits you with a +1 falchion.
The necrophage hits you but does no damage.
You closely miss the necrophage.
The necrophage is severely damaged.
You closely miss the kobold. You barely miss the wight.
The necrophage hits you. The kobold hits you but does no damage.
You block the wight's attack.
You barely miss the necrophage.
The necrophage is severely damaged.
You closely miss the wight. You barely miss the kobold.
The necrophage closely misses you. You block the kobold's attack.
The wight hits you with a +1 falchion.
You hit the necrophage but do no damage.
The necrophage is severely damaged.
You hit the wight. You completely miss the kobold. The necrophage hits you.
The wight hits you with a +1 falchion!
You die...

.'.. .'.} '... ...
#..
####K#############
~~~#.Kz#~~~~~~#~~~#
~~~..Kn@~~...~~~~~#
...#..K#......#.
### ##~#######'#
....#~~~#......#
~....#~~~#..~~~~#
~~~~...~..%~~~~~#
~~~~~#..%#~~~~~~#
~~~~~#...~~~~~~~#
~~~~~#...#~~~~~~#


You could see a necrophage, a wight and 4 kobolds.

Vanquished Creatures
  5 adders
  3 shadow imps (Sewer)
  2 ufetubi (Sewer)
  A worm (D:3)
  A dart slug (D:2)
  2 orcs (D:3)
  11 ball pythons
  9 bats
  3 endoplasms
  3 giant cockroaches
  7 hobgoblins
  5 jackals
  15 kobolds
  2 quokkas (D:2)
  2 frilled lizards
  4 goblins
  9 rats
84 creatures vanquished.

Notes
Turn   | Place    | Note
-------+----------+-------------------------------------------
     0 | D:1      | qw the Gargoyle Fighter began the quest for the Orb.
     0 | D:1      | Reached XP level 1. HP: 14/14 MP: 1/1
     0 | D:1      | 0 ||| qw: Version: 0.2-a-12-gaebbb33
     0 | D:1      | 0 ||| qw: Game counter: 1118
     0 | D:1      | 0 ||| qw: Always use a shield: true
     0 | D:1      | 0 ||| qw: God list: Okawaru
     0 | D:1      | 0 ||| qw: Allow faded altars: false
     0 | D:1      | 0 ||| qw: Do Orc after D:15 true
     0 | D:1      | 0 ||| qw: Do second Lair branch before Depths: true
     0 | D:1      | 0 ||| qw: Lair rune preference: random
     0 | D:1      | 0 ||| qw: Plans: Normal, Zot:1-4, God:TSO, Crypt, Tomb,
                  | Pan, Slime:5, Hells, Abyss, Orb
     0 | D:1      | 0 ||| PLANNING D:1-11
    31 | D:1      | Reached skill level 2 in Axes
   154 | D:1      | Reached XP level 2. HP: 18/19 MP: 2/2
   395 | D:1      | 395 ||| Stepping ~*~*~tactically~*~*~ (stealth).
   403 | D:1      | 403 ||| Stepping ~*~*~tactically~*~*~ (stealth).
   529 | D:1      | Found a faded altar of an unknown god.
   563 | D:1      | Reached skill level 3 in Axes
   659 | D:1      | Reached XP level 3. HP: 19/23 MP: 3/3
   705 | D:1      | 705 ||| READING scroll labelled QOAJUFOWOO.
   706 | D:1      | 706 ||| READING scroll labelled VIURISOHOA.
   881 | D:2      | 881 ||| Stepping ~*~*~tactically~*~*~ (stealth).
   961 | D:2      | Reached XP level 4. HP: 28/28 MP: 4/4
  1159 | D:2      | Reached skill level 4 in Axes
  1326 | D:2      | Identified the +2 whip "Udodd" {vorpal, rF- rN+ rCorr
                  | Int+7}
  1553 | D:2      | 1553 ||| UPGRADING to +6 ring of dexterity.
  1554 | D:2      | 1554 ||| READING scroll labelled CODYDGHENLUGGO.
  1626 | D:3      | Found a white marble altar of Elyvilon.
  1982 | D:3      | Reached skill level 1 in Dodging
  2427 | D:3      | 2427 ||| Stepping ~*~*~tactically~*~*~ (stealth).
  2436 | D:3      | 2436 ||| Stepping ~*~*~tactically~*~*~ (stealth).
  2602 | D:3      | 2602 ||| UPGRADING to +0 chain mail.
  2612 | D:3      | 2612 ||| DROPPING +0 scale mail.
  2613 | D:3      | 2613 ||| UPGRADING to ring of protection from cold.
  2614 | D:3      | 2614 ||| DRINKING 3 fizzy green potions.
  2615 | D:3      | 2615 ||| DRINKING 2 smoky silvery potions.
  2650 | D:4      | 2650 ||| PLANNING SEWER
  2650 | D:4      | 2650 ||| STAIRDANCE
  2684 | D:4      | 2684 ||| STAIRDANCE
  2761 | D:4      | Found a glowing drain.
  2770 | D:4      | Reached XP level 5. HP: 32/32 MP: 5/5
  2777 | Sewer    | Entered a sewer
  2945 | Sewer    | 2945 ||| Stepping ~*~*~tactically~*~*~ (stealth).
  2962 | Sewer    | 2962 ||| Stepping ~*~*~tactically~*~*~ (stealth).
  3032 | Sewer    | 3032 ||| DROPPING +0 club.
  3096 | Sewer    | HP: 7/32 [wight/+1 falchion (2)]
  3098 | Sewer    | HP: 3/32 [wight/+1 falchion (2)]
  3099 | Sewer    | Slain by a wight

Levels and vault maps discovered:
D:1:      heliophobic_arrival_henge, layout_rooms,
          hellmonk_ecumenical_altar_crossroads, minivault_19,
          grunt_decor_fettered
D:2:      layout_loops_ring, kennysheep_cluttered_room, minmay_circle_x
D:3:      layout_basic, nicolae_elyvilon_peaceful_grove, amethyst_killhole
D:4:      layout_loops_ring, led_xom_imps, mainiacjoe_overflow_small_starburst,
          minmay_temple_entry_enclosed_plants, portal_sewer_entry_a,
          cheibrodos_gnoll_hut
Sewer:    kennysheep_sewer_church

Skill      XL: |  1  2  3  4 |
---------------+-------------+-----
Axes           | 2 3 4 |  4.8
Dodging        | 1 |  1.0
Fighting       | |  3.2
Armour         | |  3.2
Shields        | |  3.2

Action                   |  1- 3 |  4- 6 || total
-------------------------+-------+-------++-------
Melee: War axe           |   101 |   136 ||   237
  Use: Scroll            |     2 |     1 ||     3
       Potion            |       |     2 ||     2
Armor: Scale mail        |    62 |    25 ||    87
       Chain mail        |       |    73 ||    73
Dodge: Dodged            |    48 |    64 ||   112
Block: Buckler           |    17 |    41 ||    58

Table legend:
 A = Non-vault XP
 B = Vault XP
 C = Vault XP percentage of total XP
 D = Non-vault monster count
 E = Vault monster count
 F = Vault count percentage of total count
                 A         B        C        D         E       F
            +---------+---------+-------+---------+---------+-------
      Total |     130 |     110 |  45.8 |      55 |      29 |  34.5
            +---------+---------+-------+---------+---------+-------
        D:1 |      35 |       0 |   0.0 |      22 |       0 |   0.0
        D:2 |      39 |      31 |  44.3 |      16 |       4 |  20.0
        D:3 |      54 |       0 |   0.0 |      16 |       0 |   0.0
        D:4 |       2 |       5 |  71.4 |       1 |       4 |  80.0
      Sewer |       0 |      74 | 100.0 |       0 |      21 | 100.0
            +---------+---------+-------+---------+---------+-------
